 Dungeon Crawl Stone Soup version 0.17.1-1-g73c8601 (webtiles) character file.

2406 JustSomeDude the Sneak (level 9, -1/67 HPs)
             Began as a Demonspawn Assassin on Dec 22, 2015.
             Was an Elder of Makhleb.
             Slain by Erica
             ... wielding a +0 scimitar of flaming
              (4 damage)
             ... on level 9 of the Dungeon.
             The game lasted 00:25:48 (5013 turns).

JustSomeDude the Sneak (Demonspawn Assassin)        Turns: 5013, Time: 00:25:48

Health: -1/67      AC:  7    Str: 12    XL:     9   Next: 23%
Magic:  10/10      EV: 24    Int: 17    God:    Makhleb [****..]
Gold:   317        SH:  2    Dex: 23    Spells: 0 memorised, 8 levels left

rFire  x . .     SeeInvis .     l - +0 short sword (elec)
rCold  + . .     Clarity  .     c - +0 robe
rNeg   . . .     SustAt   .     (no shield)
rPois  .         Gourm    .     m - +0 helmet
rElec  .         Spirit   .     d - +0 cloak
rCorr  .         Warding  .     k - +0 pair of gloves
rMut   .         Stasis   .     (no boots)
MR     .....                    (no amulet)
Stlth  +++++++...               (no ring)
                                n - ring of ice

@: brilliant, agile, flying, very slightly contaminated, hasted and slowed, not
resistant to hostile enchantments, extremely stealthy
A: hooves 2, large bone plates 1, nightstalker 2, powered by death 2
a: Minor Destruction, Lesser Servant of Makhleb, Major Destruction, Renounce
Religion


You were on level 9 of the Dungeon.
You worshipped Makhleb.
Makhleb was greatly pleased with you.
You were hungry.

You visited 2 branches of the dungeon, and saw 10 of its levels.
You also visited: Ossuary.

You collected 352 gold pieces.
You spent 35 gold pieces at shops.

Inventory:

Hand Weapons
 a - a +2 dagger
 b - a +0 blowgun
 l - a +0 short sword of electrocution (weapon)
Missiles
 e - 58 poisoned needles
Armour
 c - a +0 robe (worn)
 d - a +0 cloak (worn)
 k - a +0 pair of gloves (worn)
 m - a +0 helmet (worn)
Jewellery
 n - a ring of ice (left hand)
 C - an uncursed amulet of faith {unknown}
 H - an uncursed ring of positive energy {unknown}
Wands
 y - a wand of flame (23)
 D - a wand of paralysis (13)
 E - a wand of cold (11)
 G - a wand of fireball (7)
Scrolls
 i - 4 scrolls of remove curse
 p - 4 scrolls of identify
 q - a scroll of enchant armour {unknown}
 s - a scroll of amnesia {unknown}
 t - a scroll of teleportation
 u - 2 scrolls of fear {unknown}
 v - 2 scrolls of immolation
 B - 2 scrolls of magic mapping
 F - a scroll of torment {unknown}
Potions
 h - 2 potions of agility
Comestibles
 g - 4 bread rations
 o - 3 meat rations
 A - a beef jerky


   Skills:
 + Level 4.8 Fighting
 + Level 4.8 Short Blades
 + Level 2.2 Throwing
 + Level 6.7 Dodging
 + Level 7.8 Stealth
 * Level 2.4 Invocations


You had 8 spell levels left.
You didn't know any spells.

Dungeon Overview and Level Annotations

Branches:
Dungeon (10/15)            Temple (1/1) D:5
   Lair: D:8-11         Orc: D:9-12

Altars:
Ashenzari
Cheibriados
Dithmenos
Elyvilon
Fedhas
Gozag
Kikubaaqudgha
Makhleb
Nemelex Xobeh
Okawaru
Qazlal
Ru
Sif Muna
Trog
Vehumet
Xom
Yredelemnul
Zin
The Shining One

Shops:
D:6 ?

Annotations:
D:9 Erica


Innate Abilities, Weirdness & Mutations

You have hoof-like feet.
You are partially covered in large bone plates (AC +2, SH +2).
You are significantly more attuned to the shadows.
You regenerate health from kills.


Message History

* * * LOW HITPOINT WARNING * * *
Drink which item? (? for menu, Esc to quit)
You feel yourself speed up. Something misses you. Something misses you.
You are very lightly contaminated with residual magic.
Drink which item? (? for menu, Esc to quit)
It was a potion of brilliance.
You feel clever all of a sudden.
Drink which item? (? for menu, Esc to quit)
You can't drink that!
Drink which item? (? for menu, Esc to quit)
You feel very buoyant.
You fly up into the air.
Something barely misses you.
Read which item? (? for menu, Esc to quit)
Okay, then.
Unknown command.
You miss something. Something closely misses you.
You miss something. Your kick misses something. Something hits you!
* * * LOW HITPOINT WARNING * * *
Something burns you.
You die...

#####+# #######
#.......... #).....
#..........# #......
##..........# #.....<
o#..........#####......
O)..........##o{@†..=..
##.[>.......'>.##..[..$
#..........#####......
#########'## #(....[
##..# #...... #..##
####### ####'#####
....>.....# ..........#


You could see an orc.

Vanquished Creatures
  The ghost of kolakolka the Shield-Bearer, a novice FoFi (D:4)
  A two-headed ogre (D:9)
  The ghost of Nicoed the Firebug, an amateur DEFE (Ossuary)
  An ogre (D:4)
  A sky beast (D:10)
  An ice beast (D:10)
  A centaur (D:7)
  A giant frog (D:6)
  A wyvern zombie (D:6)
  5 scorpions
  3 wights (D:6)
  A wasp zombie (D:6)
  3 centaur zombies (Ossuary)
  A human zombie (Ossuary)
  A jelly (D:10)
  2 centaur skeletons
  A giant frog skeleton (D:6)
  4 orc priests
  5 orc wizards
  5 worker ants
  A worker ant zombie (D:6)
  A hound zombie (D:6)
  2 mummies (Ossuary)
  Robin (D:2)
  7 adders
  4 shadow imps
  An ooze (D:2)
  An adder skeleton (D:10)
  5 worms
  3 giant geckos
  27 orcs
  7 bats
  A gnoll zombie (D:5)
  16 goblins
  6 hobgoblins
  7 jackals
  2 quokkas
  2 ball pythons
  3 giant cockroaches
  2 giant newts (D:1)
  2 goblin zombies (Ossuary)
  7 hobgoblin zombies
  3 jackal zombies (Ossuary)
  5 kobolds
  13 kobold zombies
  9 orc zombies (Ossuary)
  A quokka skeleton (D:5)
  5 rats
  2 rat zombies (Ossuary)
  2 butterflies (D:5)
188 creatures vanquished.

Notes
Turn   | Place    | Note
--------------------------------------------------------------
     0 | D:1      | JustSomeDude the Demonspawn Assassin began the quest for the Orb.
     0 | D:1      | Reached XP level 1. HP: 16/16 MP: 1/1
   296 | D:1      | Reached skill level 4 in Stealth
   354 | D:1      | Gained mutation: You regenerate a little health from kills. [demonic ancestry]
   354 | D:1      | Reached XP level 2. HP: 22/22 MP: 2/2
   549 | D:2      | Noticed Robin
   555 | D:2      | Killed Robin
   555 | D:2      | Reached skill level 1 in Dodging
   565 | D:2      | Reached XP level 3. HP: 26/28 MP: 3/3
  1020 | D:2      | Gained mutation: You regenerate health from kills. [demonic ancestry]
  1020 | D:2      | Reached XP level 4. HP: 31/34 MP: 4/4
  1268 | D:3      | Found a burning altar of Makhleb.
  1270 | D:3      | Found a glowing silver altar of Zin.
  1271 | D:3      | Noticed an Executioner
  1271 | D:3      | Noticed an angel
  1672 | D:3      | Gained mutation: You are partially covered in large bone plates (AC +2, SH +2). [demonic ancestry]
  1672 | D:3      | Reached XP level 5. HP: 39/39 MP: 5/5
  1832 | D:3      | Became a worshipper of Makhleb the Destroyer
  1862 | D:4      | Reached skill level 5 in Stealth
  1874 | D:4      | Found a shimmering altar of Xom.
  1910 | D:4      | Gained mutation: You have large cloven feet. [demonic ancestry]
  1910 | D:4      | Reached XP level 6. HP: 44/47 MP: 6/6
  1972 | D:4      | Noticed an ogre
  1998 | D:4      | Killed an ogre
  2041 | D:4      | Gained mutation: You are slightly more attuned to the shadows. [demonic ancestry]
  2041 | D:4      | Reached XP level 7. HP: 52/52 MP: 7/7
  2273 | D:4      | Noticed kolakolka's ghost (novice FoFi)
  2297 | D:4      | Killed kolakolka's ghost
  2297 | D:4      | Reached skill level 6 in Stealth
  2342 | D:5      | Entered Level 5 of the Dungeon
  2367 | D:5      | Reached * piety under Makhleb
  2405 | D:5      | Found a sand-covered staircase.
  2424 | Ossuary  | Entered an ossuary
  2424 | Ossuary  | Noticed Nicoed's ghost (amateur DEFE)
  2431 | Ossuary  | Killed Nicoed's ghost
  2518 | Ossuary  | Reached ** piety under Makhleb
  2527 | Ossuary  | Gained mutation: You are significantly more attuned to the shadows. [demonic ancestry]
  2527 | Ossuary  | Reached XP level 8. HP: 58/60 MP: 8/8
  2617 | Ossuary  | Reached skill level 5 in Dodging
  2732 | D:5      | Found a staircase to the Ecumenical Temple.
  2736 | Temple   | Entered the Ecumenical Temple
  3836 | D:6      | Reached *** piety under Makhleb
  4145 | D:6      | Found Quohyrr's Magic Scroll Boutique.
  4151 | D:6      | Bought a scroll of immolation for 35 gold pieces
  4161 | D:6      | Reached skill level 7 in Stealth
  4787 | D:7      | You fall through a shaft for 3 floors!
  4787 | D:10     | Entered Level 10 of the Dungeon
  4793 | D:10     | Gained mutation: You have hoof-like feet. [demonic ancestry]
  4793 | D:10     | Reached XP level 9. HP: 66/66 MP: 9/9
  4936 | D:9      | Reached **** piety under Makhleb
  4936 | D:9      | Reached skill level 1 in Invocations
  4957 | D:9      | Noticed Erica
  5013 | D:9      | HP: 3/67 [something (9)]
  5013 | D:9      | Slain by Erica

Action                   |  1- 3 |  4- 6 |  7- 9 || total
-------------------------+-------+-------+-------++-------
Melee: Dagger            |    76 |       |       ||    76
       Short sword       |    67 |    89 |   365 ||   521
 Fire: Blowgun           |       |     6 |     2 ||     8
Invok: Minor Destruction |       |       |     1 ||     1
Evoke: Wand              |       |       |     1 ||     1
  Use: Potion            |     4 |       |    18 ||    22
       Scroll            |       |     3 |     4 ||     7
 Stab: Sleeping          |     5 |     9 |    27 ||    41
       Distracted        |       |       |     1 ||     1
  Eat: Bread ration      |       |     1 |     2 ||     3
